 Dungeon Crawl Stone Soup version 0.21.1-1-g345015f (webtiles) character file.

84 wojtek the Firebug (level 4, 0/30 HPs)
             Began as a Demonspawn Fire Elementalist on Mar 24, 2018.
             Slain by an orc
             ... wielding a +0 hand axe
              (6 damage)
             ... on level 2 of the Dungeon.
             The game lasted 00:03:05 (2365 turns).

wojtek the Firebug (Demonspawn Fire Elementalist)   Turns: 2365, Time: 00:03:06

Health: 0/30       AC:  2    Str:  8    XL:     4   Next: 23%
Magic:  0/7        EV: 12    Int: 18    God:
Gold:   77         SH:  0    Dex: 13    Spells: 3/7 levels left

rFire    . . .     SeeInvis .   g - +0 whip
rCold    . . .     Gourm    .   (no shield)
rNeg     . . .     Faith    .   a - +0 robe
rPois    .         Spirit   .   (helmet restricted)
rElec    .         Reflect  .   (no cloak)
rCorr    .         Harm     .   (no gloves)
MR       .....                  (no boots)
Stlth    ++........             (no amulet)
HPRegen  0.10/turn              (no ring)
MPRegen  0.10/turn              (no ring)

@: no status effects
A: horns 1, spiny 2
a: no special abilities


You were on level 2 of the Dungeon.
You were very hungry.

You visited 1 branch of the dungeon, and saw 3 of its levels.

You collected 77 gold pieces.

Inventory:

Hand Weapons
 g - a +0 whip (weapon)
Missiles
 h - 2 javelins (quivered)
Armour
 a - a +0 robe (worn)
Scrolls
 d - 5 scrolls of amnesia {unknown}
 j - 3 scrolls of remove curse {unknown}
 k - 4 scrolls of identify {unknown}
 l - 2 scrolls of enchant weapon {unknown}
Potions
 e - 4 potions of curing {unknown}
 f - 2 potions of mutation {unknown}
 i - a potion of ambrosia {unknown}
 m - a potion of berserk rage {unknown}
 n - a potion of might {unknown}
Books
 b - a book of Flames

   Spells                             Type                      Level
   a - Flame Tongue                   Conjuration/Fire             1
   b - Throw Flame                    Conjuration/Fire             2
   c - Conjure Flame                  Conjuration/Fire             3
   d - Inner Flame                    Hexes/Fire                   3
   e - Sticky Flame                   Conjuration/Fire             4
   f - Fireball                       Conjuration/Fire             5
Comestibles
 c - 3 rations


   Skills:
 - Level 1.7 Dodging
 - Level 1.7 Stealth
 - Level 2.0 Spellcasting
 - Level 1.0 Conjurations
 + Level 4.6 Fire Magic


You had 3 spell levels left.
You knew the following spells:

 Your Spells              Type           Power        Failure   Level  Hunger
a - Flame Tongue          Conj/Fire      ##...        5%          1    #......
b - Conjure Flame         Conj/Fire      ##......     17%         3    ###....


Dungeon Overview and Level Annotations

Branches:
Dungeon (3/15)

Altars:
Fedhas
Kikubaaqudgha


Innate Abilities, Weirdness & Mutations

You have a pair of small horns on your head.
You are mostly covered in sharp spines.


Message History

Confirm with . or Enter, or press ? or * to list all spells.
Aiming: Flame Tongue
Press: ? - help, Shift-Dir - straight line, f/p - orc
Aim: an orc, wielding a hand axe and wearing a chain mail The flame tongue hits the orc.
The orc is moderately wounded.
You hit the orc but do no damage.
The orc is moderately wounded.
The orc barely misses you.
You closely miss the orc.
The orc is moderately wounded.
The orc hits you with a hand axe!
You hit the orc but do no damage.
The orc is moderately wounded.
The orc hits you with a hand axe!
* * * LOW HITPOINT WARNING * * *
You barely miss the orc. Your headbutt misses the orc.
The orc is moderately wounded.
The orc hits you with a hand axe.
You die...

....######.....>.#.##
#.#.####.......#)#.#
.......>......)#.#.#
.##.#######........#
.##.# #..###.####
.##.# #.........#
.##.# #...##.##.#
.##.#######...##o##.#
.##...........##@##.#
.###########..##.##.#
.# #..##.##.# .#
#........# .##
#.###.####
..##########.# #.#
.............# #.#
..############ #.#
.########## #.#


You could see an orc.

Vanquished Creatures
  An orc wizard (D:2)
  2 adders
  An ooze (D:2)
  A dart slug (D:1)
  A leopard gecko (D:1)
  An orc (D:3)
  2 giant cockroaches (D:1)
  5 goblins
  2 hobgoblins (D:2)
  A ball python (D:2)
  7 bats
  3 frilled lizards
  6 kobolds
  3 rats (D:2)
36 creatures vanquished.

Notes
Turn   | Place    | Note
-------+----------+-------------------------------------------
     0 | D:1      | wojtek the Demonspawn Fire Elementalist began the quest for the Orb.
     0 | D:1      | Reached XP level 1. HP: 13/13 MP: 3/3
   206 | D:1      | Reached skill level 3 in Fire Magic
   256 | D:1      | Gained mutation: You are partially covered in sharp spines. [demonic ancestry]
   256 | D:1      | Reached XP level 2. HP: 12/19 MP: 0/5
  1049 | D:2      | Gained mutation: You have a pair of small horns on your head. [demonic ancestry]
  1049 | D:2      | Reached XP level 3. HP: 24/24 MP: 2/6
  1204 | D:2      | Reached skill level 4 in Fire Magic
  1624 | D:2      | Found a blossoming altar of Fedhas.
  1627 | D:2      | Found an ancient bone altar of Kikubaaqudgha.
  1661 | D:2      | Learned a level 3 spell: Conjure Flame
  2354 | D:2      | Gained mutation: You are mostly covered in sharp spines. [demonic ancestry]
  2354 | D:2      | Reached XP level 4. HP: 20/30 MP: 0/7
  2365 | D:2      | Slain by an orc

Skill      XL: |  1  2  3 |
---------------+----------+-----
Fire Magic     | 3 4 |  4.6
Dodging        | |  1.7
Stealth        | |  1.7
Spellcasting   | |  2.0
Conjurations   | |  1.0

Action                   |  1- 3 |  4- 6 || total
-------------------------+-------+-------++-------
Melee: Whip              |       |     4 ||     4
Throw: Javelin           |     3 |       ||     3
 Cast: Flame Tongue      |    67 |     1 ||    68
  Eat: Chunk             |     4 |       ||     4
Armor: Robe              |    10 |       ||    10
Dodge: Dodged            |    16 |     1 ||    17
